 Dungeon Sprint DCSS version 0.27-a0-637-g3a9f0a9c12 (webtiles) character file.

Game seed: 15467408669282635571

575 mhtbhm the Protected (level 7, -15/75 HPs)
             Began as a Gargoyle Fighter on Mar 14, 2021.
             Was a High Priest of Trog.
             Killed by the air
             ... invoked by Gastronok
              (25 damage)
             ... in the Dungeon (Sprint VII: "The Pits").
             The game lasted 00:00:56 (481 turns).

mhtbhm the Protected (Gargoyle Fighter)              Turns: 481, Time: 00:00:57

Health: -15/75     AC: 19    Str: 22    XL:     7   Next: 35%
Magic:  7/7        EV:  7    Int:  8    God:    Trog [*****.]
Gold:   0          SH: 11    Dex:  9    Spells: 6/6 levels left

rFire    . . .     SeeInvis .   a - +1 hand axe (freeze)
rCold    . . .     Faith    .   c - +0 kite shield
rNeg     + . .     Spirit   .   b - +3 chain mail
rPois    ∞         Reflect  .   (no helmet)
rElec    +         Harm     .   (no cloak)
rCorr    .         Rampage  .   (no gloves)
Will     .....     NoTele   +   (no boots)
Stlth    ..........             (no amulet)
HPRegen  0.22/turn              (no ring)
MPRegen  0.10/turn              (no ring)

@: berserking, very quick
A: AC +4, negative energy resistance 1, electricity resistance, torment
resistance 1, unbreathing 1, petrification resistance
a: Renounce Religion, Berserk, Trog's Hand, Brothers in Arms


You were in the Dungeon.
You worshipped Trog.
Trog was extremely pleased with you.
You visited 1 branch

Inventory:

Hand Weapons
 a - a +1 hand axe of freezing (weapon)
Armour
 b - a +3 chain mail (worn)
 c - a +0 kite shield (worn)
Scrolls
 j - a scroll of blinking
 l - a scroll of summoning
Potions
 d - a potion of might
 e - 5 potions of curing
 f - 6 potions of heal wounds
 g - a potion of haste
 h - 4 potions of magic
 i - 3 potions of berserk rage
 k - 2 potions of invisibility


   Skills:
 + Level 8.5 Fighting
 + Level 8.1 Axes
 + Level 9.1 Armour
 + Level 8.6 Shields


You had 6 spell levels left.
You didn't know any spells.
Your spell library was empty.

Dungeon Overview and Level Annotations

Branches:
Dungeon (1/1)

Altars:
Cheibriados
Dithmenos
Elyvilon
Fedhas
Gozag
Hepliaklqana
Makhleb
Nemelex Xobeh
Okawaru
Qazlal
Ru
Sif Muna
Trog
Vehumet
Wu Jian
Xom
Yredelemnul
Zin
The Shining One
Beogh
Jiyva
Lugonu

Annotations:
D Gastronok


Innate Abilities, Weirdness & Mutations

Your stone body is resilient. (AC +4)
You are immune to poison.
You resist negative energy. (rN+)
You are resistant to electric shocks. (rElec)
You are resistant to unholy torment.
You can survive without breathing.
You are immune to petrification.


Message History

You slash the rat! You freeze the rat.
You kill the rat!
Trog accepts your kill.
You see here a rat corpse.
You see here a rat corpse.
There is an open door here.
You open the door.
A phantom, Gastronok and a zombie come into view.
Gastronok is wearing a +1 hat of stealth.
Gastronok gurgles horribly!
Gastronok waves his eye-stalks in wide circles.
The air twists around and strikes you!
Which direction?
You feel better.
A red film seems to cover your vision as you go berserk!
You feel yourself moving faster!
You feel mighty! You block the phantom's attack.
Gastronok waves his eye-stalks in wide circles.
The air twists around and strikes you!!
You barely miss the phantom. You closely miss the phantom.
The phantom completely misses you.
You slash the phantom!
The phantom is heavily damaged.
Gastronok waves his eye-stalks in wide circles.
The air twists around and strikes you!!
* * * LOW HITPOINT WARNING * * *
You block the phantom's attack.
Unknown command.
You closely miss the phantom.
The phantom is heavily damaged.
Unknown command.
You hit the phantom.
The phantom is severely damaged.
You block the phantom's attack.
Unknown command.
You hit the phantom.
The phantom is almost destroyed.
Gastronok waves his eye-stalks in wide circles.
The air twists around and strikes you!!
You die...

#.#.)########...<...#
#.#..'.))[.##.......#
#.#..#.)))[##.......#
#'###########.......#
#.......#..##########
#†..#...#†## ###
#.)†#...#.# ...#
#.##.##.#'#....#
#...#...#@WZ..w+
#...#...#'#....#
#.......'.# ...#
########### ###


You could see Gastronok, a phantom and an adder zombie.

Vanquished Creatures
  A fire bat (D)
  A black bear (D)
  An orc warrior (D)
  A swamp drake (D)
  A wolf (D)
  An orc priest (D)
  A worker ant (D)
  A gnoll (D)
  An ufetubus (D)
  An adder skeleton (D)
  A worm (D)
  2 orcs (D)
  A bat skeleton (D)
  A hobgoblin (D)
  3 jackals (D)
  A bat (D)
  A kobold (D)
  4 rats (D)
24 creatures vanquished.

Notes
Turn   | Place    | Note
-------+----------+-------------------------------------------
     0 | D        | mhtbhm the Gargoyle Fighter began the quest for the Orb.
     0 | D        | Reached XP level 1. HP: 14/14 MP: 1/1
    17 | D        | Found a bloodstained altar of Trog.
    17 | D        | Found a shimmering blue altar of Sif Muna.
    17 | D        | Found a viscous altar of Jiyva.
    17 | D        | Found a hazy altar of Hepliaklqana.
    17 | D        | Found an opulent altar of Gozag.
    18 | D        | Found a glowing golden altar of the Shining One.
    18 | D        | Found a glowing silver altar of Zin.
    18 | D        | Found a shimmering altar of Xom.
    18 | D        | Found an ornate altar of the Wu Jian Council.
    18 | D        | Found a sacrificial altar of Ru.
    18 | D        | Found a stormy altar of Qazlal.
    18 | D        | Found an iron altar of Okawaru.
    18 | D        | Found a sparkling altar of Nemelex Xobeh.
    18 | D        | Found a burning altar of Makhleb.
    18 | D        | Found a blossoming altar of Fedhas.
    18 | D        | Found a white marble altar of Elyvilon.
    18 | D        | Found a shadowy altar of Dithmenos.
    18 | D        | Found a snail-covered altar of Cheibriados.
    20 | D        | Found a radiant altar of Vehumet.
    20 | D        | Found a corrupted altar of Lugonu.
    22 | D        | Became a worshipper of Trog the Wrathful
    59 | D        | Reached skill level 4 in Armour
    63 | D        | Reached XP level 2. HP: 20/20 MP: 2/2
    74 | D        | Reached * piety under Trog
    81 | D        | Noticed an orc warrior
    83 | D        | Reached ** piety under Trog
    90 | D        | Reached skill level 5 in Armour
    90 | D        | Reached skill level 5 in Shields
    90 | D        | Reached XP level 3. HP: 17/25 MP: 3/3
    90 | D        | Reached *** piety under Trog
    91 | D        | Reached skill level 5 in Fighting
    96 | D        | Killed an orc warrior
    97 | D        | Reached skill level 6 in Armour
    97 | D        | Reached XP level 4. HP: 14/32 MP: 4/4
    97 | D        | Reached XP level 5. HP: 15/36 MP: 5/5
   333 | D        | Noticed a fire bat
   333 | D        | Noticed a wolf
   336 | D        | Noticed a black bear
   337 | D        | Killed a fire bat
   338 | D        | Reached skill level 7 in Armour
   338 | D        | Reached XP level 6. HP: 44/44 MP: 6/6
   338 | D        | Reached **** piety under Trog
   342 | D        | Reached skill level 8 in Armour
   342 | D        | Killed a black bear
   343 | D        | Reached XP level 7. HP: 49/49 MP: 7/7
   418 | D        | Reached skill level 9 in Armour
   459 | D        | Reached ***** piety under Trog
   473 | D        | Noticed Gastronok
   481 | D        | Killed from afar by Gastronok

Illustrated notes

Levels and vault maps discovered:
D:        pitsprint [storerooms_1, entrance_room_1, metal_vault_6, armoury_1,
          mini_pit_1, grid_room_1, main_hall_1, silver_pit, the_coven_2,
          the_vestibule_1, steel_vault_2, golden_pit, hallway_of_sentries,
          crystal_vault_3, iron_vault_5, final_vault]

Skill      XL: |  1  2  3  4  5  6  7 |
---------------+----------------------+-----
Axes           | 2 3 4 6 7 8 |  8.1
Armour         | 4 5 6 7 8 9 |  9.1
Fighting       | 4 6 7 8 |  8.5
Shields        | 4 5 6 7 8 |  8.6

Action                   |  1- 3 |  4- 6 |  7- 9 || total
-------------------------+-------+-------+-------++-------
Melee: Hand axe          |    21 |     5 |    26 ||    52
       War axe           |     1 |       |       ||     1
Invok: Berserk           |     1 |     1 |     2 ||     4
  Use: Potion            |       |       |     1 ||     1
Armor: Scale mail        |     7 |       |       ||     7
       Chain mail        |       |     6 |     7 ||    13
Dodge: Dodged            |     8 |     1 |     3 ||    12
Block: Kite shield       |    10 |     6 |     7 ||    23

Table legend: (Time is in decaauts)
 A = Elapsed time spent in this place.
 B = Non-inter-level travel time spent in this place.
 C = Inter-level travel time spent in this place.
 D = Time resting spent in this place.
 E = Time spent auto-exploring this place.
 F = Levels seen in this place.
 G = Mean time per level.
                   A        B        C        D        E       F      G
               +--------+--------+--------+--------+--------+-----+--------+
         Total |    513 |    513 |      0 |    104 |    200 |   1 |  513.0 |
       Dungeon |    513 |    513 |      0 |    104 |    200 |   1 |  513.0 |
               +--------+--------+--------+--------+--------+-----+--------+

Top non-repeatable levels by time:
       D: 513 daAuts
